Map: 凯罗斯中转站-天梯版

Players

eGGz

  • Race: Zerg Zerg

GogojOey - Winner!

  • Race: Zerg Zerg

Event: WESG 2018 Grand Finals

VOD

Have the link to the VOD?

Description

Time

  • Played on: March 12, 2019, 3:11 a.m.
  • Length: 5:08

All games in this series

Show
View Real Time Build Order
Export as new Build Order

eGGz Zerg 

Build Orders: Hatch First, Roach Nydus 

Get SALT Encoding   

  12  0:00  Drone  
  13  0:12  Overlord  
  13  0:17  Drone  
  14  0:31  Drone  
  14  0:33  Drone  
  16  0:37  Drone  
  17  0:53  Hatchery  
  17  0:56  Drone  
  17  1:00  Drone  
  18  1:10  Extractor  
  17  1:13  Spawning Pool  
  17  1:16  Drone  
  17  1:20  Drone  
  18  1:28  Drone  
  19  1:46  Drone  
  20  1:55  Overlord  
  20  2:00  Queen  
  22  2:06  Queen, Drone  
  22  2:07  Drone  
  26  2:13  Drone  
  27  2:17  Zergling x2  
  27  2:22  Drone  
  29  2:30  Drone  
  30  2:37  Lair  
  30  2:40  Drone  
  30  2:41  Drone  
  32  2:49  Roach Warren, Drone x2  
  33  2:54  Evolution Chamber  
  33  2:58  Drone  
  33  3:02  Drone  
  33  3:05  Drone, Extractor  
  34  3:10  Drone  
  34  3:14  Overlord  
  34  3:17  Overlord, Queen, Spore Crawler  
  36  3:27  Evolution Chamber  
  35  3:37  Roach x3  
  41  3:41  Nydus Network  
  41  3:42  Drone  
  41  3:43  Drone  
  41  3:44  Roach  
  41  3:46  Roach  
  46  3:52  Roach  
  46  3:53  Roach  
  50  4:01  Zergling x2  
  50  4:02  Overlord x2  
  51  4:19  Nydus Canal  
  51  4:21  Roach x4  
  59  4:26  Roach  
  59  4:30  Roach  
  63  4:43  Roach x2  
Show
View Real Time Build Order
Export as new Build Order

GogojOey Zerg - Winner!

Build Orders: Hatch First 

Get SALT Encoding   

  12  0:00  Drone  
  13  0:12  Overlord  
  13  0:17  Drone  
  14  0:30  Drone x2  
  14  0:34  Drone  
  17  0:51  Hatchery  
  17  0:54  Drone  
  17  0:58  Drone  
  18  1:08  Extractor  
  17  1:12  Spawning Pool  
  17  1:15  Drone  
  17  1:19  Drone  
  18  1:28  Drone  
  19  1:39  Overlord  
  19  1:50  Drone  
  20  2:00  Drone  
  20  2:01  Queen  
  21  2:04  Queen  
  21  2:08  Drone  
  26  2:09  Metabolic Boost  
  26  2:10  Drone  
  26  2:14  Drone  
  28  2:21  Drone  
  29  2:24  Drone  
  30  2:32  Drone  
  31  2:39  Hatchery  
  31  2:43  Queen  
  32  2:49  Overlord  
  32  2:54  Zergling x4  
  32  2:57  Zergling x2  
  35  3:00  Zergling x2  
  36  3:09  Drone x4  
  36  3:10  Drone  
  41  3:14  Drone x2  
  43  3:21  Evolution Chamber  
  43  3:26  Overlord  
  42  3:28  Drone x2  
  42  3:32  Overlord  
  44  3:44  Roach Warren, Drone x3, Extractor  
  44  3:45  Extractor  
  44  3:47  Drone  
  45  4:00  Drone x2  
  47  4:06  Overlord  
  47  4:24  Roach x9  
  65  4:29  Roach x2  
  71  4:31  Roach  
  71  4:36  Roach  
Tags
 
Add a new tag
Caveats
  • Supply blocks, unpowered buildings, or Contaminate may cause inaccurate times.
  • Supply counts are checked every 10 seconds.